Map: Tropical Sacrifice

Players

A.I. 1 (Very Easy)

  • Race: Zerg Zerg
  • Spawn Location: 7:00

Goliath - Winner!

  • Race: Terran Terran
  • League: Grandmaster
  • Spawn Location: 1:00

VOD

Have the link to the VOD?

Description

Time

  • Played on: Aug. 5, 2022, 2:22 a.m.
  • Length: 12:35
Show
View Real Time Build Order
Export as new Build Order

A.I. 1 (Very Easy) Zerg 

Build Orders: Pool First 

Get SALT Encoding   

  12  0:01  Drone  
  13  0:13  Overlord  
  13  0:18  Drone  
  14  0:36  Spawning Pool  
  14  0:38  Extractor  
  14  0:40  Drone  
  13  0:47  Drone  
  14  0:53  Overlord  
  14  1:23  Zergling x2  
  14  1:25  Queen  
  17  1:34  Roach Warren  
  17  1:36  Drone  
  17  1:40  Extractor  
  17  1:42  Zergling x2  
  17  1:44  Drone  
  18  1:57  Drone  
  18  2:00  Zergling x2  
  20  2:08  Drone  
  21  2:18  Drone  
  22  2:29  Drone  
  23  2:32  Overlord  
  23  2:36  Drone  
  24  2:43  Drone  
  25  5:47  Drone  
  25  5:48  Lair  
  26  5:55  Drone  
  27  6:02  Drone  
  28  6:09  Drone  
  28  6:10  Overlord  
  29  6:15  Zergling x2  
  29  6:16  Drone  
  28  6:38  Zergling x2  
  29  6:45  Overseer x2  
  29  6:46  Drone, Queen  
  29  6:49  Spire  
  29  6:53  Drone  
  29  7:00  Zergling x2  
  30  7:29  Roach  
  32  7:31  Hatchery  
  31  8:02  Mutalisk  
  33  8:43  Drone  
  33  8:47  Overseer  
  34  8:50  Drone  
  34  8:51  Extractor  
  34  8:55  Extractor  
  33  8:58  Drone  
  34  9:05  Drone  
  35  9:13  Drone  
  36  9:20  Drone  
  36  9:21  Overlord  
  37  9:27  Drone  
  38  9:34  Drone  
  39  9:41  Drone  
  40  9:48  Drone  
  41  9:55  Drone  
  42  10:03  Drone  
  43  10:10  Drone  
  44  10:17  Drone  
  44  10:18  Overlord  
  45  10:24  Drone  
  46  10:30  Zergling x2  
  46  10:32  Drone  
  46  10:33  Overseer  
  48  10:37  Overlord  
  48  10:39  Drone  
  43  10:43  Pneumatized Carapace  
  43  10:45  Overseer  
  41  10:55  Hydralisk Den, Drone  
  41  10:56  Overlord  
  36  10:59  Roach  
  36  11:02  Drone  
  34  11:10  Drone  
  35  11:17  Drone  
  36  11:19  Ravager  
  36  11:24  Drone  
  38  11:25  Hydralisk  
  38  11:27  Hatchery  
  38  11:31  Drone  
  40  11:35  Extractor  
  40  11:39  Drone  
  39  11:41  Overseer  
  39  11:46  Drone, Hydralisk, Overlord  
  35  11:47  Extractor  
  35  11:53  Drone  
  33  12:06  Overseer  
Show
View Real Time Build Order
Export as new Build Order

Goliath Terran - Winner!

Build Orders: Reaper Expand 

Get SALT Encoding   

  12  0:00  SCV  
  13  0:12  SCV  
  14  0:17  Supply Depot  
  14  0:24  SCV  
  15  0:39  SCV  
  15  0:40  Barracks  
  16  0:45  Refinery  
  16  0:51  SCV  
  17  1:03  SCV  
  18  1:15  SCV  
  19  1:28  Reaper, Orbital Command  
  20  1:41  Command Center  
  20  1:49  Supply Depot  
  20  1:53  SCV  
  21  2:00  Marine  
  22  2:05  SCV  
  23  2:12  Factory  
  23  2:17  SCV  
  23  2:22  Barracks Reactor  
  24  2:29  SCV  
  25  2:42  Command Center  
  25  2:48  SCV  
  26  2:54  Orbital Command  
  26  3:00  SCV  
  26  3:05  Barracks  
  27  3:13  SCV  
  27  3:16  Hellion  
  27  3:17  Hellion  
  27  3:18  Barracks Tech Lab  
  32  3:20  SCV  
  32  3:25  SCV  
  34  3:33  SCV  
  35  3:35  Refinery  
  35  3:38  Stimpack  
  35  3:40  Hellion x2  
  39  3:45  Marine  
  39  3:46  SCV x2  
  42  3:55  Orbital Command  
  42  4:04  SCV x2  
  42  4:07  Marine  
  42  4:09  Starport  
  45  4:11  Marine  
  45  4:12  Marine  
  45  4:14  Factory Reactor  
  45  4:16  SCV x2  
  49  4:21  Supply Depot  
  49  4:22  SCV  
  50  4:25  Marine  
  50  4:27  Orbital Command  
  50  4:29  Marine x2  
  50  4:30  SCV x2  
  55  4:40  Engineering Bay  
  55  4:42  SCV x2  
  55  4:43  Marine  
  55  4:45  Engineering Bay  
  58  4:47  Marine x2  
  60  4:59  Medivac x2, Factory Tech Lab  
  64  5:00  Supply Depot, Marine  
  64  5:01  Supply Depot, SCV x2  
  64  5:02  SCV  
  64  5:04  Refinery  
  64  5:05  Marine  
  64  5:06  Refinery  
  69  5:20  Terran Infantry Weapons Level 1, Terran Infantry Armor Level 1  
  69  5:22  Marine, SCV x3  
  69  5:26  Supply Depot  
  73  5:29  Supply Depot  
  73  5:34  SCV x3  
  76  5:37  Marine x2  
  76  5:38  Barracks  
  76  5:39  Marine  
  76  5:41  Siege Tank  
  82  5:46  SCV x3  
  85  5:50  Supply Depot, Combat Shield  
  85  5:52  Starport Reactor  
  85  5:58  SCV x3  
  85  6:02  Barracks x2, Marine x3  
  91  6:11  Supply Depot x2  
  91  6:16  Siege Tank  
  91  6:17  SCV x3  
  97  6:23  Marine x3  
  100  6:25  Armory  
  100  6:29  SCV x3, Refinery  
  100  6:30  Refinery  
  103  6:33  Factory  
  103  6:34  Supply Depot  
  103  6:38  Medivac x2  
  107  6:42  Marine  
  107  6:43  Marine x4  
  112  6:53  SCV x3  
  115  6:56  Supply Depot  
  115  7:02  Barracks Reactor  
  115  7:03  Barracks Reactor, Siege Tank, Marine  
  115  7:04  Marine x4  
  115  7:05  SCV x2  
  115  7:06  SCV  
  126  7:10  Supply Depot x2  
  126  7:12  Medivac x2  
  130  7:20  Command Center, Factory Tech Lab  
  130  7:25  Marine x2  
  130  7:26  Marine x3  
  130  7:28  Terran Infantry Weapons Level 2  
  135  7:34  Terran Infantry Armor Level 2  
  135  7:42  Siege Tank  
  138  7:44  Marine x5  
  138  7:45  Marine x4  
  148  7:51  SCV x3  
  150  8:02  Supply Depot, Siege Tank, Marine  
  150  8:03  Marine x3  
  150  8:05  Supply Depot  
  157  8:07  Marine x2  
  157  8:08  SCV  
  157  8:09  SCV x2  
  162  8:14  Marine x3  
  162  8:15  Supply Depot  
  162  8:16  Supply Depot  
  165  8:23  Medivac x2, Siege Tank, Marine  
  165  8:25  Marine x3  
  176  8:28  Supply Depot  
  176  8:30  Supply Depot  
  176  8:37  Marine x5  
  176  8:39  Siege Tank  
  176  8:41  Marine  
  185  8:45  Concussive Shells  
  185  8:56  Siege Tank  
  185  8:57  Medivac x2  
  185  8:58  Marine x3  
  185  8:59  Barracks x3  
  185  9:00  Marine x3  
  185  9:01  Marine  
  185  9:02  Marine  
  199  9:06  Planetary Fortress  
  200  9:12  Terran Vehicle Weapons Level 1  
  200  9:14  Infernal Pre-Igniter  
  200  9:31  Command Center, Refinery x2  
  200  9:35  Ghost Academy  
  200  9:42  Factory x2  
  200  9:44  Command Center  
  200  9:57  Barracks Tech Lab x3  
  200  10:19  Command Center  
  200  10:23  Command Center  
  200  10:46  Factory Reactor x2  
  200  10:50  Orbital Command  
  200  10:55  Command Center  
  200  10:58  Command Center  
  200  11:00  Command Center  
  200  11:01  Command Center  
  200  11:10  Armory  
  200  11:38  Orbital Command x2  
  200  11:45  Orbital Command  
Tags
 
Add a new tag
Caveats
  • Supply blocks, unpowered buildings, or Contaminate may cause inaccurate times.
  • Supply counts are checked every 10 seconds.